 Dungeon Sprint DCSS version 0.26.1-2-gb8aa6d0cf2 (webtiles) character file.

Game seed: 2846041061408465839

425 Groucho the Unseen (level 6, -5/28 HPs)
             Began as a Spriggan Enchanter on Feb 17, 2021.
             Was an Initiate of Gozag.
             Slain by a slime creature (18 damage)
             ... in the Dungeon (Sprint I: "Red Sonja").
             The game lasted 00:01:55 (297 turns).

Groucho the Unseen (Spriggan Enchanter)              Turns: 297, Time: 00:01:55

Health: -5/28      AC:  2    Str:  6    XL:     6   Next: 64%
Magic:  14/19      EV: 18    Int: 17    God:    Gozag
Gold:   297        SH:  0    Dex: 16    Spells: 20/23 levels left

rFire    . . .     SeeInvis +   a - +1 dagger
rCold    . . .     Faith    .   (shield restricted)
rNeg     . . .     Spirit   .   b - +0 robe
rPois    .         Reflect  .   (helmet restricted)
rElec    .         Harm     .   (no cloak)
rCorr    .         Rampage  .   (gloves unavailable)
Will     +....     NoTele   +   (boots unavailable)
Stlth    ++++++....             (no amulet)
HPRegen  0.09/turn              (no ring)
MPRegen  0.16/turn              (no ring)

@: very quick
A: very small, unfitting armour, see invisible, speed 3
a: Renounce Religion, Potion Petition, Call Merchant, Bribe Branch


You were in the Dungeon.
You worshipped Gozag.
Gozag was aware of your devotion.
You visited 1 branch You collected 297 gold pieces.

Inventory:

Hand Weapons
 a - a +1 dagger (weapon)
Armour
 b - a +0 robe (worn)
Wands
 c - a wand of random effects (18)
 j - a wand of flame (16)
Scrolls
 h - a scroll of identify {unknown}
 i - a scroll of blinking
Potions
 d - a potion of curing
 e - a potion of heal wounds
 f - 2 potions of haste
 g - 2 potions of magic


   Skills:
 + Level 1.1 Short Blades
 + Level 3.0 Dodging
 + Level 15.3 Stealth
 + Level 9.0 Spellcasting
 + Level 9.3 Hexes


You had 20 spell levels left.
You knew the following spells:

 Your Spells              Type           Power        Failure   Level
a - Corona                Hex            43%          1%          1
b - Ensorcelled Hibernat  Hex/Ice        46%          1%          2

Your spell library contained the following spells:

 Spells                   Type           Power        Failure   Level
 Confusing Touch          Hex            39%          1%          3
 Tukima's Dance           Hex            39%          1%          3
 Dazzling Flash           Conj/Hex       46%          4%          3


Dungeon Overview and Level Annotations

Branches:
Dungeon (1/1)

Altars:
Cheibriados
Dithmenos
Elyvilon
Fedhas
Gozag
Hepliaklqana
Kikubaaqudgha
Makhleb
Nemelex Xobeh
Okawaru
Qazlal
Ru
Sif Muna
Trog
Uskayaw
Vehumet
Wu Jian
Xom
Yredelemnul
Zin
The Shining One
Jiyva
Lugonu

Shops:
D }


Innate Abilities, Weirdness & Mutations

You are very small and have problems with some larger weapons.
You are too small for most types of armour.
You have supernaturally acute eyesight. (SInv)
You cover ground extremely quickly.


Message History

Aiming: Ensorcelled Hibernation (safe; 1% risk of failure)
Press: ? - help, Shift-Dir - straight line, f - slime creature
Aim: a slime creature (chance to affect: 35%)
The slime creature easily resists.
Casting: Ensorcelled Hibernation (safe; 1% risk of failure)
Confirm with . or Enter, or press ? or * to list all spells.
Aiming: Ensorcelled Hibernation (safe; 1% risk of failure)
Press: ? - help, Shift-Dir - straight line, f/p - slime creature
Aim: a slime creature (chance to affect: 35%)
The slime creature looks drowsy...
The helpless slime creature fails to defend itself.
You spit the slime creature like a pig!!!
The slime creature is almost dead.
The slime creature hits you.
You hit the slime creature.
The slime creature is almost dead.
The slime creature hits you!!
Ouch! That really hurt!
You die...
Your body crumbles into a pile of gold.

###################
#<.#..'..#.)'..#__#$$
$
#.)'..#..'..#.@J..+$$
$ #.)#####+#####'#__#
$ #..####..#...#.####
$ #..#__####..##[# $$
#..#_____##'#_.+
#⌠⌠#_.∩...'..._# $$
####_..__##_.#'#
$$#_____###+#.# $ $
####### ### $


You could see a slime creature.

Vanquished Creatures
  Sigmund (D)
  A yak (D)
  An ogre (D)
  A jelly (D)
  Ijyb (D)
5 creatures vanquished.

Notes
Turn   | Place    | Note
-------+----------+-------------------------------------------
     0 | D        | Groucho the Spriggan Enchanter began the quest for the Orb.
     0 | D        | Reached XP level 1. HP: 9/9 MP: 5/5
     2 | D        | Noticed Ijyb
    11 | D        | Killed Ijyb
    12 | D        | Reached skill level 7 in Stealth
    12 | D        | Reached skill level 5 in Hexes
    12 | D        | Reached XP level 2. HP: 13/13 MP: 6/8
   157 | D        | Learned a level 2 spell: Ensorcelled Hibernation
   163 | D        | Noticed an ogre
   176 | D        | Killed an ogre
   177 | D        | Reached skill level 10 in Stealth
   177 | D        | Reached XP level 3. HP: 16/16 MP: 6/11
   177 | D        | Reached XP level 4. HP: 21/21 MP: 7/13
   199 | D        | Noticed Sigmund
   201 | D        | Killed Sigmund
   202 | D        | Reached skill level 13 in Stealth
   202 | D        | Reached XP level 5. HP: 24/24 MP: 10/16
   215 | D        | Found a shimmering blue altar of Sif Muna.
   216 | D        | Found an ornate altar of the Wu Jian Council.
   217 | D        | Found a radiant altar of Vehumet.
   225 | D        | Reached XP level 6. HP: 26/28 MP: 10/18
   241 | D        | Found Baacysk's Gadget Emporium.
   241 | D        | Found an ancient bone altar of Kikubaaqudgha.
   241 | D        | Found a hazy altar of Hepliaklqana.
   241 | D        | Found a stormy altar of Qazlal.
   241 | D        | Found a hide-covered altar of Uskayaw.
   241 | D        | Found a blossoming altar of Fedhas.
   241 | D        | Found a bloodstained altar of Trog.
   241 | D        | Found an iron altar of Okawaru.
   241 | D        | Found a basalt altar of Yredelemnul.
   241 | D        | Found a glowing golden altar of the Shining One.
   241 | D        | Found a snail-covered altar of Cheibriados.
   241 | D        | Found a sacrificial altar of Ru.
   241 | D        | Found a glowing silver altar of Zin.
   241 | D        | Found a shadowy altar of Dithmenos.
   241 | D        | Found a white marble altar of Elyvilon.
   241 | D        | Noticed a yak
   242 | D        | Found an opulent altar of Gozag.
   243 | D        | Killed a yak
   244 | D        | Reached skill level 15 in Stealth
   244 | D        | Found a sparkling altar of Nemelex Xobeh.
   257 | D        | Became a worshipper of Gozag Ym Sagoz the Greedy
   289 | D        | Found a burning altar of Makhleb.
   289 | D        | Found a shimmering altar of Xom.
   289 | D        | Noticed a slime creature
   290 | D        | Found a viscous altar of Jiyva.
   290 | D        | Found a corrupted altar of Lugonu.
   297 | D        | Slain by a slime creature

Illustrated notes

Levels and vault maps discovered:
D:        dungeon_sprint_1 [red_sonja_temple_1, red_sonja_temple_small_1]

Skill      XL: |  1  2  3  4  5  6 |
---------------+-------------------+-----
Stealth        | 7 10 13 15 | 15.3
Spellcasting   | 4 6 7 8 9 |  9.0
Hexes          | 5 6 8 9 |  9.3
Short Blades   | |  1.1
Dodging        | |  3.0

Action                   |  1- 3 |  4- 6 || total
-------------------------+-------+-------++-------
Melee: Dagger            |     5 |     6 ||    11
 Cast: Ensorcelled Hiber |     1 |     4 ||     5
  Use: Potion            |     1 |       ||     1
 Stab: Sleeping          |     2 |     4 ||     6
Dodge: Dodged            |     2 |     2 ||     4
